 Dungeon Crawl Stone Soup version 0.31-a0-716-gc7603755dd (webtiles) character file.

Game seed: 4099303717840163732

129 cforsyth the Trooper (level 5, -1/42 HPs)
             Began as a Djinni Chaos Knight on Sept 10, 2023.
             Was a Plaything of Xom.
             Slain by a gnoll
             ... wielding a +2 spear of freezing
              (4 damage)
             ... on level 3 of the Dungeon.
             The game lasted 00:02:53 (1686 turns).

cforsyth the Trooper (Djinni Chaos Knight)          Turns: 1686, Time: 00:02:53

Health: -1/42      AC:  5    Str: 11    XL:     5   Next: 35%
Gold:   68         EV: 11    Int: 15    God:    Xom [..*...] SH:  0 Dex: 13

rFire   + + .        a - +0 falchion (chaos)
rCold   x . .        (no shield)
rNeg    . . .        b - +2 leather armour
rPois   ∞            (helmet restricted)
rElec   .            (no cloak)
rCorr   .            (no gloves)
SInv    .            (boots unavailable)
Will    .....        (no amulet)
Stlth   +            (no ring)
HPRegen 0.27/turn    (no ring)
MPRegen 0.00/turn

%: infuse magic (-2 HP)
@: flying
A: sickness immunity, fire resistance 2, cold vulnerability 1, float, innate
caster, HP casting, extra vitality 1, horns 1, mutation resistance 1
a: Renounce Religion


You were on level 3 of the Dungeon.
You worshipped Xom.
You were a toy of Xom.
You visited 1 branch of the dungeon, and saw 3 of its levels.

You collected 68 gold pieces.

Inventory:

Hand Weapons
 a - a +0 falchion of chaos (weapon)
Missiles
 g - a throwing net
Armour
 b - a +2 leather armour (worn)
Scrolls
 c - 2 scrolls of butterflies
 h - a scroll of identify {unknown}
Potions
 d - 2 potions of enlightenment {unknown}
 e - a potion of curing {unknown}
 f - a potion of lignification {unknown}


   Skills:
 + Level 4.5 Fighting
 - Level 2.6 Long Blades
 - Level 1.0 Armour
 - Level 2.1 Dodging
 + Level 2.2 Spellcasting
 + Level 2.2 Conjurations
 + Level 2.2 Hexes
 + Level 2.2 Summonings
 + Level 2.2 Necromancy
 + Level 2.2 Translocations
 + Level 2.2 Transmutations
 + Level 2.2 Fire Magic
 + Level 2.2 Ice Magic
 + Level 2.2 Air Magic
 + Level 2.2 Earth Magic
 + Level 2.2 Poison Magic


You knew the following spells:

 Your Spells              Type           Power      Damage    Failure   Level
a - Sting                 Tmut/Pois      32%        1d4       12%         1
b - Scorch                Fire           16%        2d5       17%         2
Your spell library was empty.

Dungeon Overview and Level Annotations

Branches:
Dungeon (3/15)

Altars:
Ashenzari
Makhleb
Qazlal


Innate Abilities, Weirdness & Mutations

You are immune to sickness and miasma.
You are immune to poison.
Your flesh is very heat resistant. (rF++)
You are vulnerable to cold. (rC-)
You float through the air rather than walking.
You learn spells naturally, not from books.
Your magical power is your life essence.
You have superior vitality. (+4 MHP)
You have a pair of small horns on your head.
You are somewhat resistant to further mutation.


Message History

The worm bites you but does no damage.
You hit the worm but do no damage. The worm bites you.
You hit the worm. You burn the worm.
The worm is heavily wounded.
The worm closely misses you.
You hit the worm. You burn the worm.
The worm is almost dead.
Your gnoll zombie hits the worm.
The worm dies!
No target in view!
No target in view!
No target in view!
No target in view!
No target in view!
No target in view!
You see here a worm corpse.
Found an ancient bone altar of Kikubaaqudgha.
Found a shimmering blue altar of Sif Muna and a broken altar of Ashenzari.
Found a burning altar of Makhleb. 3 gnolls come into view.
Found an escape hatch in the ceiling.
The gnoll shouts! x2
A gnoll comes into view. It is wielding a +2 spear of freezing.
The gnoll shouts! x2
You barely miss the gnoll. The gnoll completely misses you.
The gnoll hits you from afar with a +0 spear.
The gnoll closely misses you. The gnoll hits you with a +0 halberd!
The gnoll hits you from afar with a +0 spear!
The gnoll closely misses you.
You hit the gnoll. You burn the gnoll. You headbutt the gnoll.
The gnoll is severely wounded.
The gnoll completely misses you.
The gnoll hits you from afar with a +0 spear.
The gnoll hits you with a +0 halberd!
* * * LOW HITPOINT WARNING * * *
The gnoll hits you from afar with a +2 spear of freezing.
* * * LOW HITPOINT WARNING * * *
The gnoll freezes you.
You die...
Xom chuckles heartily!

..... ........
.....##.###.##.
#.#...........). #.#
#.##.###.##. #.#
#...####.##.
#########.###.#......##.
#...............####.##.
#....g.g.......†.# #.##.
#..gg@..###....# #.##.
#######Z....##.# #####
#.###.##.####_##
#.Z.Z.##.#..8.#.
#.####..........
#......##...†...
#####..##..#8.#.
#..##...#.#.
#..###.#####


You could see 4 gnolls and a friendly gnoll zombie.

Vanquished Creatures
  Jessica (D:2)
  A gnoll (D:3)
  4 adders
  An orc (D:3)
  5 bats
  2 endoplasms (D:1)
  A giant cockroach (D:3)
  A hobgoblin (D:3)
  4 jackals (D:1)
  A quokka (D:2)
  2 ball pythons
  A frilled lizard (D:1)
  4 goblins
  3 kobolds
  5 rats
36 creatures vanquished.

Vanquished Creatures (collateral kills)
  2 gnolls (D:3)
  A worm (D:3)
3 creatures vanquished.

Grand Total: 39 creatures vanquished

Notes
Turn   | Place    | Note
-------+----------+-------------------------------------------
     0 | D:1      | cforsyth the Djinni Chaos Knight began the quest for the
                  | Orb.
     0 | D:1      | Reached XP level 1. HP: 20/20 MP: 0/0
    54 | D:1      | XOM: divination: detect creatures
    57 | D:1      | XOM: silly message
   126 | D:1      | Reached XP level 2. HP: 25/25 MP: 0/0
   161 | D:1      | XOM: 1-stop teleportation journey
   488 | D:1      | Reached skill level 1 in Spellcasting
   488 | D:1      | Reached skill level 1 in Conjurations
   488 | D:1      | Reached skill level 1 in Hexes
   488 | D:1      | Reached skill level 1 in Summonings
   488 | D:1      | Reached skill level 1 in Necromancy
   488 | D:1      | Reached skill level 1 in Translocations
   488 | D:1      | Reached skill level 1 in Transmutations
   488 | D:1      | Reached skill level 1 in Fire Magic
   488 | D:1      | Reached skill level 1 in Ice Magic
   488 | D:1      | Reached skill level 1 in Air Magic
   488 | D:1      | Reached skill level 1 in Earth Magic
   488 | D:1      | Reached skill level 1 in Poison Magic
   934 | D:2      | XOM: 4-stop teleportation journey
   935 | D:2      | Noticed Jessica
   938 | D:2      | Reached XP level 3. HP: 26/30 MP: 0/0
   938 | D:2      | Learned a level 1 spell: Sting
   942 | D:2      | XOM: give mutations
   942 | D:2      | Gained mutation: You have a pair of small horns on your
                  | head. [Xom's mischief]
   942 | D:2      | Gained mutation: You are somewhat resistant to further
                  | mutation. [Xom's mischief]
   944 | D:2      | Killed Jessica
   945 | D:2      | Reached XP level 4. HP: 34/37 MP: 0/0
   981 | D:2      | Reached skill level 4 in Fighting
  1068 | D:2      | XOM: cloud trail
  1126 | D:2      | You are sucked into a shaft and drop 1 floor!
  1256 | D:3      | XOM: enchant monster (good)
  1282 | D:3      | XOM: summons friendly iron imp
  1291 | D:3      | Reached XP level 5. HP: 24/41 MP: 0/0
  1291 | D:3      | Learned a level 2 spell: Scorch
  1633 | D:3      | Found a stormy altar of Qazlal.
  1654 | D:3      | Found a broken altar of Ashenzari.
  1655 | D:3      | Found a burning altar of Makhleb.
  1686 | D:3      | Slain by a gnoll

Illustrated notes

Levels and vault maps discovered:
D:1:      elethiomel_arrival_infinity_welcomes_careful_drivers, layout_basic,
          hangedman_glass_teeth, hangedman_decor_peaks_small
D:2:      layout_loops_ring, serial_shops, nicolae_shop_scrapyard,
          nicolae_shop_industrial_runoff, nicolae_shop_peninsula, uniq_jessica
D:3:      layout_basic, minitemple, serial_shops, nicolae_shop_tiny_glass,
          gammafunk_ghost_necromancy

Skill      XL: |  1  2  3  4 |
---------------+-------------+-----
Spellcasting   | 1 2 |  2.2
Conjurations   | 1 2 |  2.2
Hexes          | 1 2 |  2.2
Summonings     | 1 2 |  2.2
Necromancy     | 1 2 |  2.2
Translocations | 1 2 |  2.2
Transmutations | 1 2 |  2.2
Fire Magic     | 1 2 |  2.2
Ice Magic      | 1 2 |  2.2
Air Magic      | 1 2 |  2.2
Earth Magic    | 1 2 |  2.2
Poison Magic   | 1 2 |  2.2
Fighting       | 4 |  4.5
Long Blades    | |  2.6
Armour         | |  1.0
Dodging        | |  2.1

Action                     |  1- 3 |  4- 6 || total
---------------------------+-------+-------++-------
  Melee: Falchion          |    58 |    55 ||   113
         Headbutt          |     1 |    12 ||    13
 Armour: Leather armour    |    46 |    42 ||    88
  Dodge: Dodged            |    54 |    44 ||    98

Table legend: (Time is in decaauts)
 A = Elapsed time spent in this place.
 B = Non-inter-level travel time spent in this place.
 C = Inter-level travel time spent in this place.
 D = Time resting spent in this place.
 E = Time spent auto-exploring this place.
 F = Levels seen in this place.
 G = Mean time per level.
                   A        B        C        D        E       F      G
               +--------+--------+--------+--------+--------+-----+--------+
         Total |   1704 |   1696 |      8 |      0 |   1385 |   3 |  568.0 |
       Dungeon |   1704 |   1696 |      8 |      0 |   1385 |   3 |  568.0 |
               +--------+--------+--------+--------+--------+-----+--------+

Top non-repeatable levels by time:
     D:1: 901 daAuts
     D:3: 566 daAuts
     D:2: 236 daAuts
